 Dungeon Crawl Stone Soup version 0.26-a0-64-g059e62fbdb (webtiles) character file.

Game seed: 13004664340751096747

102 Gynju the Conjurer (level 4, -6/33 HPs)
             Began as a Draconian Conjurer on June 11, 2020.
             Mangled by a gnoll
             ... wielding a +0 flail
              (12 damage)
             ... on level 2 of the Dungeon.
             The game lasted 00:02:42 (2397 turns).

Gynju the Conjurer (Draconian Conjurer)             Turns: 2397, Time: 00:02:43

Health: -6/33      AC:  5    Str: 11    XL:     4   Next: 49%
Magic:  8/9        EV: 12    Int: 16    God:
Gold:   117        SH:  0    Dex: 11    Spells: 8/9 levels left

rFire    . . .     SeeInvis +   h - +1 whip (venom)
rCold    . . .     Gourm    .   (no shield)
rNeg     . . .     Faith    .   (armour unavailable)
rPois    .         Spirit   .   (helmet restricted)
rElec    .         Reflect  .   (no cloak)
rCorr    .         Harm     .   (no gloves)
MR       .....                  (no boots)
Stlth    ++........             j - amulet of the acrobat
HPRegen  0.11/turn              q - ring of see invisible
MPRegen  0.11/turn              (no ring)

@: no status effects
A: unfitting armour, cold-blooded, AC +5
a: no special abilities


You were on level 2 of the Dungeon.
You were not hungry.

You visited 1 branch of the dungeon, and saw 3 of its levels.

You collected 117 gold pieces.

Inventory:

Hand Weapons
 h - a +1 whip of venom (weapon)
Missiles
 l - 18 poisoned darts (quivered)
Jewellery
 j - an amulet of the acrobat (around neck)
 q - a ring of see invisible (left hand)
Scrolls
 d - a scroll of immolation {unknown}
 f - a scroll of remove curse {unknown}
 g - a scroll of enchant armour {unknown}
 i - a scroll of random uselessness {unknown}
 k - a scroll of teleportation {unknown}
 m - 2 scrolls of magic mapping {unknown}
 o - a scroll of identify {unknown}
Potions
 a - a potion of degeneration {unknown}
 c - a potion of berserk rage {unknown}
 e - a potion of haste {unknown}
 n - a potion of mutation {unknown}
Comestibles
 b - 4 rations


   Skills:
 - Level 1.7 Dodging
 - Level 1.7 Stealth
 + Level 3.4 Spellcasting
 + Level 5.1 Conjurations


You had 8 spell levels left.
You knew the following spells:

 Your Spells              Type           Power        Failure   Level  Hunger
a - Magic Dart            Conj           ###.         2%          1    None

Your spell library contained the following spells:

 Spells                   Type           Power        Failure   Level  Hunger
 Searing Ray              Conj           ###...       3%          2    ##.....
 Dazzling Flash           Conj/Hex       ##....       19%         3    ###....
 Fulminant Prism          Conj/Hex       ##........   54%         4    ####...
 Iskenderun's Mystic Bla  Conj/Tloc      ##......     54%         4    ####...


Dungeon Overview and Level Annotations

Branches:
Dungeon (3/15)

Altars:
Fedhas
Hepliaklqana


Innate Abilities, Weirdness & Mutations

Your plain brown scales are hard. (AC +5)
You cannot fit into any form of body armour.
You are cold-blooded and may be slowed by cold attacks.


Message History

Confirm with . or Enter, or press ? or * to list all spells.
You don't have enough magic to cast that spell.
The gnoll misses you.
There is an escape hatch in the floor here.
There is an open door here.
You see here a +0 short sword.
There is an escape hatch in the floor here.
There is an open door here.
You see here a +0 short sword.
The gnoll barely misses you. The gnoll hits you with a +0 flail.
* * * LOW HITPOINT WARNING * * *
Casting: Magic Dart (safe; 2% risk of failure)
Confirm with . or Enter, or press ? or * to list all spells.
Aiming: Magic Dart (safe; 2% risk of failure)
Press: ? - help, Shift-Dir - straight line, f/p - gnoll
Aim: a gnoll, wielding a +0 flail The magic dart hits the gnoll but does no damage.
The gnoll hits you with a +0 flail!
You die...

#......#......##.......#
#......##.######..##...##
##.....#.........##8)..8####
#..#............###...##..# ##
#####...##......# #...##..#### 8#
#8....8#......###...##...... .##
##....[##......##⌠...⌠#......
..###.....##....g..###...##......
...⌠.....##.....@..# #...##......
........8#..##..######...##......
.......###..###.# #8...8#......
#.....##....###.# ###...##......
##...##........)# #.....#.......
#8...8#.).......## #.....#...####
##...##..........# #....)#...#
#...#######.....# #.....#...# ##
##...#### #####.###.....#...# #_


You could see a gnoll.

Vanquished Creatures
  A gnoll (D:3)
  5 adders
  An ooze (D:1)
  A worm (D:2)
  7 goblins
  3 hobgoblins
  7 jackals
  5 kobolds
  4 bats
  A frilled lizard (D:1)
  4 rats
39 creatures vanquished.

Notes
Turn   | Place    | Note
-------+----------+-------------------------------------------
     0 | D:1      | Gynju the Draconian Conjurer began the quest for the Orb.
     0 | D:1      | Reached XP level 1. HP: 14/14 MP: 3/3
    88 | D:1      | Reached XP level 2. HP: 19/20 MP: 3/5
  1074 | D:2      | Reached XP level 3. HP: 26/26 MP: 1/7
  1533 | D:2      | Found a blossoming altar of Fedhas.
  1798 | D:2      | Reached XP level 4. HP: 27/33 MP: 2/8
  2117 | D:2      | Found a hazy altar of Hepliaklqana.
  2253 | D:3      | Reached skill level 5 in Conjurations
  2397 | D:2      | Mangled by a gnoll

Illustrated notes

Levels and vault maps discovered:
D:1:      dpeg_arrival_shelter, layout_rooms, chequers_serial_rivers_small_b
D:2:      layout_basic, lemuel_crystal_altar, marbit_many_paths,
          serial_corexii_hall, corexii_hall_statues_i, chequers_hall_statues_y,
          first_ration
D:3:      layout_loops_cross, lemuel_doored_altar, st_stairs_8

Skill      XL: |  1  2  3  4 |
---------------+-------------+-----
Spellcasting   | 3 |  3.4
Conjurations   | 5 |  5.1
Dodging        | |  1.7
Stealth        | |  1.7

Action                   |  1- 3 |  4- 6 || total
-------------------------+-------+-------++-------
Melee: Dagger            |    14 |       ||    14
       Tailslap          |     4 |       ||     4
       Short sword       |    14 |       ||    14
       Whip              |     5 |     2 ||     7
 Cast: Magic Dart        |    63 |    28 ||    91
  Eat: Chunk             |     3 |     2 ||     5
Armor: Skin              |    17 |     5 ||    22
Dodge: Dodged            |    40 |    13 ||    53

Table legend:
 A = Non-vault XP
 B = Vault XP
 C = Vault XP percentage of total XP
 D = Non-vault monster count
 E = Vault monster count
 F = Vault count percentage of total count
                 A         B        C        D         E       F
            +---------+---------+-------+---------+---------+-------
      Total |     144 |       2 |   1.4 |      38 |       1 |   2.6
            +---------+---------+-------+---------+---------+-------
        D:1 |      34 |       0 |   0.0 |      17 |       0 |   0.0
        D:2 |      79 |       2 |   2.5 |      18 |       1 |   5.3
        D:3 |      31 |       0 |   0.0 |       3 |       0 |   0.0
            +---------+---------+-------+---------+---------+-------
